 Dungeon Crawl Stone Soup version 0.29.1-15-g9cfb28693d (webtiles) character file.

Game seed: 2611656532416694152

184 Smoke131 the Ruffian (level 5, 0/42 HPs)
             Began as a Draconian Transmuter on Mar 1, 2023.
             Killed from afar by an orc wizard (7 damage)
             ... with a magic dart
             ... on level 3 of the Dungeon.
             The game lasted 00:06:29 (1789 turns).

Smoke131 the Ruffian (Draconian Transmuter)         Turns: 1789, Time: 00:06:30

Health: 0/42       AC:  6    Str: 14    XL:     5   Next: 36%
Magic:  8/9        EV: 12    Int: 19    God:
Gold:   155        SH:  0    Dex: 12    Spells: 6/9 levels left

rFire   . . .      SeeInvis .     - Unarmed
rCold   . . .      Faith    .   (no shield)
rNeg    . . .      Spirit   .   (body armour unavailable)
rPois   .          Reflect  .   (helmet restricted)
rElec   .          Harm     .   n - +0 cloak
rCorr   +          Rampage  .   (no gloves)
Will    .....                   (no boots)
Stlth   +.........              (no amulet)
HPRegen 0.14/turn               d - ring of resist corrosion
MPRegen 0.11/turn               h - +6 ring of intelligence

@: no status effects
A: AC +5, unfitting armour, cold-blooded
a: no special abilities


You were on level 3 of the Dungeon.
You visited 1 branch of the dungeon, and saw 3 of its levels.

You collected 155 gold pieces.

Inventory:

Armour
 k - a scarf of resistance
 n - a +0 cloak (worn)
Jewellery
 d - a ring of resist corrosion (left hand)
 h - a +6 ring of intelligence (right hand)
Wands
 p - a wand of quicksilver (12)
Scrolls
 b - 2 scrolls of noise {unknown}
 c - 4 scrolls of identify {unknown}
 g - a scroll of immolation {unknown}
 i - a scroll of teleportation {unknown}
 j - a scroll of acquirement {unknown}
 l - a scroll of enchant weapon {unknown}
 m - 2 scrolls of summoning {unknown}
 o - a scroll of magic mapping {unknown}
Potions
 a - a potion of lignification
 e - 2 potions of haste {unknown}
 f - a potion of heal wounds {unknown}


   Skills:
 + Level 2.7 Fighting
 + Level 2.7 Dodging
 + Level 3.8 Unarmed Combat
 + Level 2.9 Spellcasting
 + Level 3.0 Transmutations


You had 6 spell levels left.
You knew the following spells:

 Your Spells              Type           Power      Damage    Failure   Level
a - Beastly Appendage     Tmut           28%        N/A       4%          1
b - Wereblood             Tmut           14%        N/A       7%          2

Your spell library contained the following spells:

 Spells                   Type           Power      Damage    Failure   Level
 Spider Form              Tmut/Pois      8%         N/A       24%         3
 Gell's Gravitas          Tloc           2%         N/A       43%         3
 Lesser Beckoning         Tloc           2%         N/A       43%         3
 Portal Projectile        Hex/Tloc       4%         N/A       43%         3
 Teleport Other           Tloc           2%         N/A       43%         3
 Tukima's Dance           Hex            2%         N/A       43%         3
 Ice Form                 Ice/Tmut       8%         N/A       63%         4
 Blade Hands              Tmut           7%         N/A       77%         5


Dungeon Overview and Level Annotations

Branches:
Dungeon (3/15)

Altars:


Innate Abilities, Weirdness & Mutations

Your plain brown scales are hard. (AC +5)
You cannot fit into any form of body armour.
You are cold-blooded and may be slowed by cold attacks.


Message History

You barely miss something. Your kick misses something.
Something hits you but does no damage.
You hit something.
Your transformation is almost over.
Your primal bloodlust is almost over.
You hit the orc. Your kick misses the orc.
The orc is almost dead.
You hit the orc.
You feel a bit better.
You kill the orc!
You closely miss the kobold. The kobold hits you but does no damage.
You hit the kobold.
You feel a bit better.
You kill the kobold!
You closely miss something.
A bat comes into view.
Something hits you but does no damage.
You barely miss something. You claw something.
Your primal bloodlust has ended.
Something hits you.
* * * LOW HITPOINT WARNING * * *
You miss something. Something hits you but does no damage.
You hit something but do no damage. Your kick misses something.
Your headbutt misses something. Something hits you.
* * * LOW HITPOINT WARNING * * *
You barely miss something.
Your tail-slap misses something.
You hear some strange, mumbled words.
A magic dart appears from out of thin air!
The magic dart hits you.
* * * LOW HITPOINT WARNING * * *
You miss something. You claw something.
Your horns disappear.
Your talons disappear.
Something hits you but does no damage.
You miss something. Something barely misses you.
You hit something but do no damage.
Your tail-slap misses something.
Your punch misses something. Something hits you but does no damage.
You hit something but do no damage. Something hits you.
* * * LOW HITPOINT WARNING * * *
You hit something. Your punch misses something.
You hear some strange, mumbled words.
A magic dart appears from out of thin air!
The magic dart hits you!
You die...

..# #..# #.(.......####
.......###..#.........#
................>####.#
......<.................
...................##.#
####...............#
...##...#.##.#.#
#...#.##)#.# #..
#.##@#.# #.. #.##{#
........o..#
.....#.##.#.# ... ......
... ... ... #. ...#.#..#
# ...#. ..# ....#.# .#


You could see an orc.

Vanquished Creatures
  2 orc priests (D:3)
  Robin (D:2)
  4 adders
  A white imp (D:3)
  A worm (D:2)
  An orc (D:3)
  6 giant cockroaches
  15 goblins
  6 hobgoblins
  7 quokkas
  5 ball pythons
  2 bats (D:3)
  4 frilled lizards
  6 kobolds
  6 rats
67 creatures vanquished.

Vanquished Creatures (others)
  A goblin (D:2)
1 creature vanquished.

Grand Total: 68 creatures vanquished

Notes
Turn   | Place    | Note
-------+----------+-------------------------------------------
     0 | D:1      | Smoke131 the Draconian Transmuter began the quest for the
                  | Orb.
     0 | D:1      | Reached XP level 1. HP: 16/16 MP: 3/3
   190 | D:1      | Reached XP level 2. HP: 23/23 MP: 5/5
   588 | D:2      | Learned a level 2 spell: Wereblood
   674 | D:2      | Found a faded altar of an unknown god.
   691 | D:2      | Reached XP level 3. HP: 28/29 MP: 2/6
   882 | D:2      | Noticed Robin
   900 | D:2      | Reached XP level 4. HP: 28/36 MP: 4/7
   907 | D:2      | Killed Robin
  1763 | D:3      | Reached XP level 5. HP: 28/42 MP: 5/9
  1789 | D:3      | Killed from afar by an orc wizard

Illustrated notes

Levels and vault maps discovered:
D:1:      lightli_arrival_farm, layout_rooms, minmay_misc_feat_five,
          minmay_pentomino_q2
D:2:      layout_basic, shapermc_ecumenical_altar_mp_highgroup, uniq_robin
D:3:      layout_basic, minmay_snake_closets

Skill      XL: |  1  2  3  4  5 |
---------------+----------------+-----
Dodging        | 2 |  2.7
Fighting       | 2 |  2.7
Transmutations | 3 |  3.0
Unarmed Combat | |  3.8
Spellcasting   | |  2.9

Action                   |  1- 3 |  4- 6 || total
-------------------------+-------+-------++-------
Melee: Unarmed           |    83 |   105 ||   188
       Headbutt          |     8 |     6 ||    14
       Kick              |    10 |     9 ||    19
       Punch             |     1 |     1 ||     2
       Tailslap          |     4 |    12 ||    16
 Cast: Beastly Appendage |    10 |     3 ||    13
       Wereblood         |     3 |     2 ||     5
 Stab: Sleeping          |       |     1 ||     1
Armor: Skin              |    22 |    42 ||    64
Dodge: Dodged            |    49 |    52 ||   101
